cinderella, chaotic female human Rogue ---------------- |.....<........|# |..............|# |..............|% # |..............|#####%#######% -|------.-------# -------.-|----- # ########## |.............| # |.............| %%#|@..%.........| #W&............| |....u........| --------------- cinderella the Rogue Experience level: 6 Strength: 11 Dexterity: 18 Constitution: 16 Intelligence: 13 Wisdom: 10 Charisma: 8 Health: 0(46) Energy: 18(18) Def: 14 Gold: 831 Moves: 3453 Dungeon seed: 0ICRO33x9rDMVS3C Game ID: cinderella_1520392783 Your Inventory: Coins $ - 831 gold pieces Weapons a - an uncursed +0 elven dagger (weapon in hand) b - 8 uncursed +0 daggers (in quiver) i - a cursed -2 orcish dagger p - 4 uncursed +0 orcish daggers v - a cursed -1 orcish dagger D - 2 uncursed +0 daggers Q - a cursed +0 dagger R - a cursed +1 long sword Armor c - an uncursed +1 dwarvish cloak d - an uncursed +0 pair of iron shoes e - a blessed +1 leather armor (being worn) q - an uncursed +0 dwarvish iron helm r - an uncursed +0 dwarvish cloak z - a blessed +5 orcish helm (being worn) E - an uncursed +0 dwarvish cloak F - an uncursed +0 cloak of magic resistance (being worn) G - an uncursed +0 pair of iron shoes (being worn) N - an uncursed +0 dwarvish roundshield (being worn) S - a cursed +0 elven leather helm T - an uncursed +3 small shield Comestibles x - an uncursed tin of brown mold U - a cursed apple V - a cursed clove of garlic W - an uncursed tin of gecko meat Potions Z - a cursed potion of booze Wands f - a cursed wand of undead turning (0:3) g - a cursed wand of speed monster (0:2) O - a cursed wand of secret door detection (0:13) Tools k - an uncursed skeleton key o - an uncursed lock pick u - an uncursed tin whistle B - an uncursed sack I - 2 uncursed tallow candles (0:200) Gems n - an uncursed worthless piece of yellow glass y - an uncursed worthless piece of blue glass Y - an uncursed flint stone Contents of the sack: 576 gold pieces an uncursed +0 short sword an uncursed scroll of create monster a blessed scroll of earth an uncursed scroll of food detection a blessed scroll of gold detection an uncursed scroll of identify an uncursed scroll of light an uncursed scroll of taming an uncursed spellbook of sleep a cursed potion of full healing a cursed potion of gain energy a blessed potion of hallucination an uncursed potion of levitation 2 uncursed potions of sickness Spells and supernatural/magical abilities: Name Level Category Fail Memory W - pray for help -- divine ? -- Your skills at the end: Fighting Skills Weapon Skills dagger [Expert] short sword [Basic] Spellcasting Skills Final Attributes: You were piously aligned. You were cold resistant. You were magic-protected. You were telepathic. You were stealthy. You are dead. Vanquished creatures: a ghost 3 winter wolf cubs a leprechaun a dog a housecat a dwarf lord a blue jelly a raven a rock piercer a violet fungus a gnome lord a kobold mummy 2 elf zombies 4 giant ants 2 floating eyes 2 kittens 2 dwarves a kobold shaman 11 hill orcs 2 rothes a rabid rat a giant bat 7 killer bees 2 hobbits 2 cave spiders a yellow mold a red mold a gecko 5 jackals 2 foxes 2 kobolds 2 goblins 5 sewer rats 10 grid bugs 3 lichens a kobold zombie 4 newts 90 creatures vanquished. Voluntary challenges: You were an atheist. You used a wielded weapon 137 times, starting on turn 115. You read items or engraved 264 times, starting on turn 1550. You never genocided any monsters. You never polymorphed an object. You never changed form. You used no wishes. You never split a pudding. You wrote Elbereth's name 260 times, starting on turn 1550. You never violated your personal moral code. Dungeon overview: The Dungeons of Doom: levels 1 to 9 Level 1 a fountain, a sink a long staircase Level 2 Level 3 a scroll shop Level 4 Level 5 a fountain Level 6 Level 7 Level 8 <- You were here Level 9 a fountain History has recorded: On T:1 you entered the Dungeons of Doom to retrieve the Amulet of Yendor! On T:186 you reached level 2 of The Dungeons of Doom. On T:445 you advanced to experience level 2. On T:531 you reached level 3 of The Dungeons of Doom. On T:663 you reached level 4 of The Dungeons of Doom. On T:1038 you advanced to experience level 3. On T:1042 you reached level 5 of The Dungeons of Doom. On T:1546 you advanced to experience level 4. On T:1785 you advanced to experience level 5. On T:2280 you reached level 6 of The Dungeons of Doom. On T:2450 you advanced to experience level 6. On T:2856 you reached level 7 of The Dungeons of Doom. On T:3180 you reached level 8 of The Dungeons of Doom. On T:3422 you reached level 9 of The Dungeons of Doom. Score breakdown: Gold: 1407 (10710 points) Experience: 6 levels (12456 points) Exploration: 9 levels ( 18.00%) (12121 points) Discoveries: 3 items ( 1.01%) ( 3010 points) Valuables value: (no points given unless you survive) Artifact value: 0 ( 0 points) Variety of kills: 37 monsters ( 9.71%) ( 9348 points) Turncount: 3453 turns ( -807 points) Survival: died (score multiplied by 80%) Total score: 37470 Latest messages: It misses. (2x) You write in the dust with your fingers. Little Santa Helper turns to flee! You add to the writing in the dust with your fingers. (2x) Little Santa Helper turns to flee! You add to the writing in the dust with your fingers. (5x) You hit lillith's ghost. Lillith's ghost turns to flee! You add to the writing in the dust with your fingers. (3x) Lillith's ghost turns to flee! You add to the writing in the dust with your fingers. You have a little trouble lifting f - an iridium wand. You have a little trouble lifting g - a spiked wand. There is a staircase up here. Something is written here in the dust. You read: "E|bcrcth|lbcret?". There are many more objects here. Little Santa Helper misses. Little Santa Helper just misses! Little Santa Helper misses. Little Santa Helper hits! (7x) You die... Final status: Goodbye cinderella the Rogue, killed by a marilith called "Little Santa Helper"... You died in The Dungeons of Doom on dungeon level 8 with 37470 points, and 1407 pieces of gold, after 3453 moves. You were level 6 with a maximum of 46 hit points when you died.